 Dungeon Crawl Stone Soup version 0.29.1-13-g9f3cf754e1 (webtiles) character file.

Game seed: 8967954626866801376

18 hbarley the Charlatan (level 2, 23/23 HPs)
             Began as a Ghoul Artificer on Feb 1, 2023.
             Safely got out of the dungeon.
             The game lasted 00:02:18 (633 turns).

hbarley the Charlatan (Ghoul Artificer)              Turns: 633, Time: 00:02:19

Health: 23/23      AC:  6    Str: 15    XL:     2   Next: 66%
Magic:  1/1        EV:  9    Int:  6    God:
Gold:   30         SH:  0    Dex:  9    Spells: 1/1 levels left

rFire   . . .      SeeInvis .   a - +0 club
rCold   + . .      Faith    .   (no shield)
rNeg    + + +      Spirit   .   f - +0 scale mail
rPois   ∞          Reflect  .   (no helmet)
rElec   .          Harm     .   (no cloak)
rCorr   .          Rampage  .   (no gloves)
Will    .....                   (no boots)
Stlth   ..........              (no amulet)
HPRegen 0.07/turn               (no ring)
MPRegen 0.07/turn               (no ring)

@: no status effects
A: claws 1, cold resistance 1, negative energy resistance 3, inhibited
regeneration, torment resistance 2, devour on kill
a: no special abilities


You escaped.
You visited 1 branch of the dungeon, and saw 1 of its levels.

You collected 30 gold pieces.

Inventory:

Hand Weapons
 a - a +0 club (weapon)
Armour
 b - a +0 leather armour
 f - a +0 scale mail (worn)
Wands
 c - a wand of flame (15) (quivered)
 d - a wand of charming (15)
 e - a wand of iceblast (5)
Potions
 g - a potion of mutation {unknown}
 h - a potion of attraction {unknown}


   Skills:
 + Level 1.1 Fighting
 + Level 0.4 Maces & Flails
 + Level 2.2 Armour
 + Level 1.0 Dodging
 + Level 1.1 Stealth
 + Level 3.1 Evocations


You had one spell level left.
You didn't know any spells.
Your spell library was empty.

Dungeon Overview and Level Annotations

Branches:
Dungeon (1/15)

Altars:


Innate Abilities, Weirdness & Mutations

You are immune to poison.
You have sharp fingernails.
Your flesh is cold resistant. (rC+)
You are immune to negative energy. (rN+++)
You do not regenerate when monsters are visible.
You are immune to unholy pain and torment.
You thrive by killing the living.


Message History

You start resting.
HP restored.
You see here 5 curare-tipped darts.
A goblin comes into view. It is wielding a +0 club.
The goblin shouts!
You see here 16 gold pieces.
A kobold comes into view. It is wielding a +0 dagger.
The goblin hits you but does no damage.
You hit the kobold but do no damage. The kobold hits you with a +0 dagger.
The goblin hits you but does no damage.
You closely miss the kobold. The kobold closely misses you.
The goblin hits you with a +0 club.
You hit the kobold.
The kobold is severely wounded.
The kobold hits you but does no damage. The goblin hits you but does no damage.
You hit the kobold.
You kill the kobold!
The goblin hits you with a +0 club. The goblin closely misses you.
You closely miss the goblin. You closely miss the goblin.
The goblin hits you with a +0 club.
You hit the goblin.
You kill the goblin!
You see here a +0 club.
You now have 22 gold pieces (gained 16).
You now have 30 gold pieces (gained 8).
You see here a +0 sling.
Found an escape hatch in the floor.
You see here a rat skeleton.
Found 2 red potions.
Found a leather armour and 2 fuming ruby potions.
Things that are here:
a +0 short sword; 4 stones
There is a staircase leading out of the dungeon here.
You can't go down here!
Are you sure you want to leave the Dungeon?
This will make you lose the game!
Uppercase [Y]es or [N]o only, please.
Are you sure you want to leave the Dungeon?
This will make you lose the game!
Uppercase [Y]es or [N]o only, please.
Are you sure you want to leave the Dungeon?
This will make you lose the game!
You have escaped!

### ####@#
#####....##
#####.........#
#####............##
................##
.........#....###
..........#####
....#..####
...#####


There were no monsters in sight!

Vanquished Creatures
  4 bats (D:1)
  An endoplasm (D:1)
  2 giant cockroaches (D:1)
  3 goblins (D:1)
  A hobgoblin (D:1)
  2 kobolds (D:1)
  A ball python (D:1)
  A frilled lizard (D:1)
  A rat (D:1)
16 creatures vanquished.

Notes
Turn   | Place    | Note
-------+----------+-------------------------------------------
     0 | D:1      | hbarley the Ghoul Artificer began the quest for the Orb.
     0 | D:1      | Reached XP level 1. HP: 16/16 MP: 0/0
   134 | D:1      | Reached skill level 3 in Evocations
   136 | D:1      | Reached XP level 2. HP: 21/23 MP: 1/1
   198 | D:1      | Reached skill level 1 in Dodging
   633 | D:$      | Safely got out of the dungeon.

Illustrated notes

Levels and vault maps discovered:
D:1:      eino_arrival_cavern_e, layout_loops_cross, minmay_ruptured

Skill      XL: |  1  2 |
---------------+-------+-----
Evocations     | 3 |  3.1
Armour         | 2 |  2.2
Dodging        | 1 |  1.0
Fighting       | |  1.1
Maces & Flails | |  0.4
Stealth        | |  1.1

Action                   || total
-------------------------++-------
Melee: Club              ||    97
       Punch             ||     1
 Stab: Sleeping          ||     1
Armor: Leather armour    ||     9
       Scale mail        ||   115
Dodge: Dodged            ||   105
